 Dungeon Crawl Stone Soup version 0.24.0 (webtiles) character file.

Game seed: 7458253543377790943, levelgen mode: deterministic

76 Buxparty the Covered (level 4, -2/29 HPs)
             Began as a Gargoyle Fighter on Feb 16, 2020.
             Killed by divine providence
             ... invoked by an orc priest
              (11 damage)
             ... on level 2 of the Dungeon.
             The game lasted 00:02:13 (1317 turns).

Buxparty the Covered (Gargoyle Fighter)             Turns: 1317, Time: 00:02:14

Health: -2/29      AC: 12    Str: 21    XL:     4   Next: 32%
Magic:  4/4        EV:  7    Int:  8    God:
Gold:   53         SH:  9    Dex:  9    Spells: 3/3 levels left

rFire    . . .     SeeInvis .   a - +0 trident
rCold    . . .     Gourm    .   c - +0 shield
rNeg     + . .     Faith    .   l - +2 scale mail {rPois}
rPois    ∞         Spirit   .   (no helmet)
rElec    +         Reflect  .   (no cloak)
rCorr    .         Harm     .   (no gloves)
MR       .....                  (no boots)
Stlth    ..........             (no amulet)
HPRegen  0.09/turn              (no ring)
MPRegen  0.09/turn              (no ring)

@: no status effects
A: negative energy resistance 1, electricity resistance, unbreathing,
petrification resistance, rot immunity, AC +3
a: no special abilities


You were on level 2 of the Dungeon.
You were hungry.

You visited 1 branch of the dungeon, and saw 2 of its levels.

You collected 53 gold pieces.

Inventory:

Hand Weapons
 a - a +0 trident (weapon)
Armour
 b - a +0 scale mail
 c - a +0 shield (worn)
 l - a +2 scale mail of poison resistance (worn)
Jewellery
 p - a +2 ring of evasion {unknown}
Scrolls
 e - a scroll of identify {unknown}
 k - a scroll of remove curse {unknown}
 m - a scroll of magic mapping {unknown}
 n - a scroll of enchant armour {unknown}
 o - a scroll of blinking {unknown}
 r - a scroll of fear {unknown}
Potions
 d - a potion of might
 g - a potion of agility {unknown}
 h - a potion of invisibility {unknown}
 i - 2 potions of degeneration {unknown}
 j - a potion of curing {unknown}
Comestibles
 f - 4 rations
 q - 2 chunks of flesh


   Skills:
 + Level 3.8 Fighting
 * Level 2.8 Polearms
 + Level 3.9 Armour
 + Level 3.8 Shields


You had 3 spell levels left.
You didn't know any spells.
Your spell library was empty.

Dungeon Overview and Level Annotations

Branches:
Dungeon (2/15)

Altars:
Makhleb


Innate Abilities, Weirdness & Mutations

You are resistant to torment.
Your stone body is resilient. (AC +3)
You are immune to poison.
You resist negative energy. (rN+)
You are resistant to electric shocks. (rElec)
You can survive without breathing.
You are immune to petrification.
You are immune to rotting.


Message History

The orc priest mumbles some strange prayers to Beogh against you.
Pain shoots through your body!
You barely miss the orc priest.
The orc priest mumbles some strange prayers to Beogh against you.
Beogh smites you!
You are too injured to fight recklessly!
You are too injured to fight recklessly!
You are too injured to fight recklessly!
You hit the orc priest but do no damage.
The orc priest invokes the aid of Beogh against you.
Pain shoots through your body!
The orc priest hits you but does no damage.
You hit the orc priest.
The orc priest is lightly wounded.
The orc priest hits you with a +0 club.
Your shield prevents you from hitting the orc priest.
The orc priest is lightly wounded.
The orc priest calls down the wrath of Beogh upon you.
Beogh smites you!
You die...

#......# ###. ####......#
#... ..#......# ###<..
#######.#......# #.....
........#....### #.>.##
.#...#oo.....# #...#
.......o.#'###########...##
.....o...#o##.............)
.........#@##.#############
.#...#..##.#...............
........##.#..#############
#######.#.....### #####
..#......[#### #....
###..........# #....
#..........# #....
#..........# #....
#..........####....


You could see an orc priest.

Vanquished Creatures
  2 adders (D:2)
  3 dart slugs (D:1)
  A leopard gecko (D:1)
  6 orcs (D:2)
  2 ball pythons (D:2)
  8 goblins
  7 hobgoblins
  A quokka (D:2)
  2 bats (D:1)
  A frilled lizard (D:2)
  5 kobolds
  5 rats
43 creatures vanquished.

Notes
Turn   | Place    | Note
-------+----------+-------------------------------------------
     0 | D:1      | Buxparty the Gargoyle Fighter began the quest for the Orb.
     0 | D:1      | Reached XP level 1. HP: 14/14 MP: 1/1
    66 | D:1      | Reached XP level 2. HP: 19/19 MP: 2/2
   239 | D:1      | Reached XP level 3. HP: 23/23 MP: 3/3
   812 | D:2      | Reached XP level 4. HP: 29/29 MP: 4/4
   999 | D:2      | Found a burning altar of Makhleb.
  1317 | D:2      | Killed from afar by an orc priest

Levels and vault maps discovered:
D:1:      dpeg_arrival_rhombi, layout_rooms, interstate_on_off,
          minmay_tromino_v7
D:2:      cheibrodos_pilgrimage, layout_basic, lemuel_coloured_pillars_altar,
          kennysheep_nondescript
